 Dungeon Crawl Stone Soup version 0.14-a0-155-gd989017 (webtiles) character file.

1611 Malachi the Covert (level 8, -2/53 HPs)
             Began as a Vampire Enchanter on Oct 4, 2013.
             Was a Believer of Okawaru.
             Killed by divine providence
             ... invoked by an orc priest
              (15 damage)
             ... on Level 6 of the Dungeon.
             The game lasted 00:18:47 (6211 turns).

Malachi the Covert (Vampire Enchanter)              Turns: 6211, Time: 00:18:48

HP  -2/53        AC  4     Str  7      XL: 8   Next: 39%
MP   5/13        EV 15     Int 19      God: Okawaru [**....]
Gold 233         SH  0     Dex 14      Spells:  3 memorised,  3 levels left

Res.Fire  : . . .   See Invis. : +   N - +1 dagger (drain)
Res.Cold  : + . .   Warding    : .   b - +1 robe
Life Prot.: + + .   Conserve   : .   (no shield)
Res.Poison: +       Res.Corr.  : +   (no helmet)
Res.Elec. : .       Clarity    : .   q - +0 dwarf cloak
Sust.Abil.: . .     Spirit.Shd : .   (no gloves)
Res.Mut.  : .       Stasis     : .   (no boots)
Res.Rott. : +       Flight     : .   t - amulet of resist corrosion
Saprovore : . . .                    x - ring of poison resistance
                                     P - ring of wizardry

@: regenerating slowly, somewhat resistant to hostile enchantments, extremely
stealthy
A: bottle blood, fangs 3, see invisible, unbreathing
a: Bat Form, Bottle Blood, Heroism, Renounce Religion


You were on level 6 of the Dungeon.
You worshipped Okawaru.
Okawaru was pleased with you.
You were very thirsty.

You visited 2 branches of the dungeon, and saw 7 of its levels.

You collected 213 gold pieces.

Inventory:

Hand weapons
 a - a +1,+1 dagger
 h - a +0,+2 mace of protection
 i - a +4,+2 elven dagger
 y - a +0 elven blowgun
 N - a +1,+1 dagger of draining (weapon)
 O - a +0 orcish blowgun
Missiles
 d - 12 darts (quivered)
 C - 23 poisoned needles
 D - 8 needles of frenzy
Armour
 b - a +1 robe (worn)
 q - a +0 dwarven cloak (worn)
 S - the -4 cloak of Vlad {rF+ Str+4}
   (You found it on level 6 of the Dungeon)

   It affects your strength (+4).
   It protects you from fire.
Magical devices
 e - a wand of magic darts (8) {unknown}
 R - a wand of flame (12) {unknown}
Scrolls
 k - 5 scrolls of remove curse
 m - 2 scrolls of enchant weapon II {unknown}
 o - 2 scrolls of teleportation {unknown}
 p - 2 scrolls of blinking {unknown}
 r - a scroll of enchant weapon I {unknown}
 s - 2 scrolls of amnesia {unknown}
 E - 4 scrolls of fear {unknown}
 G - a scroll of curse weapon {unknown}
 K - 2 scrolls of enchant armour {unknown}
 T - a scroll of identify
Jewellery
 t - an amulet of resist corrosion (around neck)
 v - an uncursed amulet of resist mutation
 w - a +1 ring of dexterity
 x - a ring of poison resistance (right hand)
 F - an uncursed amulet of the gourmand
 I - a cursed ring of hunger
 P - a ring of wizardry (left hand)
Potions
 f - a potion of slowing {unknown}
 g - a potion of speed {unknown}
 l - 2 potions of degeneration {unknown}
 n - 5 potions of might {unknown}
 u - a potion of flight {unknown}
 z - a potion of magic {unknown}
 A - 2 potions of curing {unknown}
 B - a potion of beneficial mutation {unknown}
 H - a potion of poison {unknown}
 J - a potion of agility {unknown}
 L - a potion of brilliance {unknown}
 M - a potion of berserk rage {unknown}
 Q - a potion of heal wounds {unknown}
Books
 c - a book of Maledictions

   Spells                             Type                      Level
   *Corona                            Hexes                        1
   Sure Blade                         Hexes/Charms                 2
   *Ensorcelled Hibernation           Hexes/Ice                    2
   *Confuse                           Hexes                        3
   Enslavement                        Hexes                        4
   Invisibility                       Hexes                        6
 j - a book of Alchemy

   Spells                             Type                      Level
   Lethal Infusion                    Charms/Necromancy            2
   Sublimation of Blood               Necromancy                   2
   Condensation Shield                Ice                          4
   Alistair's Intoxication            Transmutation/Poison         4
   Petrify                            Transmutation/Earth          4
   Ignite Poison                      Fire/Transmutation           5


   Skills:
 + Level 1.4 Fighting
 * Level 4.9 Short Blades
 - Level 0.7 Throwing
 + Level 5.5 Dodging
 + Level 9.5 Stealth
 - Level 1.0 Spellcasting
 + Level 8.4 Hexes
 - Level 0.4 Ice Magic


You had 3 spell levels left.
You knew the following spells:

 Your Spells              Type           Power        Failure   Level  Hunger
a - Corona                Hex            ####...      1%          1    ##.....
b - Ensorcelled Hibernat  Hex/Ice        ###...       2%          2    ###....
c - Confuse               Hex            ####....     1%          3    ####...


Dungeon Overview and Level Annotations

Branches:
Dungeon (6/27)             Temple (1/1) D:4
    Orc: D:6-11

Altars:
Ashenzari
Cheibriados
Elyvilon
Fedhas
Makhleb
Nemelex Xobeh
Okawaru
Sif Muna
Trog
Vehumet
Xom
Yredelemnul
Zin
the Shining One

Portals:
Ziggurat: D:6 (3040 gp)


Innate Abilities, Weirdness & Mutations

You heal slowly.
You can bottle blood from corpses.
You have razor-sharp teeth.*
You have supernaturally acute eyesight.
You can survive without breathing.*


Message History

Press: ? - help, Shift-Dir - straight line, f/p - orc priest
Aim: an orc priest, wielding an orcish whip The orc priest looks drowsy...
The orc hits you with an orcish club.
* * * LOW HITPOINT WARNING * * *
You are too injured to fight recklessly!
Casting: Ensorcelled Hibernation
Confirm with . or Enter, or press ? or * to list all spells.
Aiming: Ensorcelled Hibernation
Press: ? - help, Shift-Dir - straight line, f - orc, p - orc priest
Aim: an orc, wielding an orcish club The orc looks drowsy...
The helpless orc fails to defend itself.
You bite the orc, and draw its blood!
You feel better.
You feel slightly less thirsty.
You stick the orc like a pincushion!!!
You kill the orc!
Okawaru accepts your kill.
The orc priest shouts!
The orc priest calls down the wrath of Beogh upon you.
Something smites you!
You die...

..##.........###.#
..##........)###.# #####
..##........)).#.# #....
..##........)#...# #..<.
..##(........##### #....
####.........'.# . #....
# #.........#.# .∩. #....
# #...........####......
##### #
###......%...@).......
######.####.....)o.......
.......# #...........##
.......# #...........#
.......# #..%.....)..#
.......# #...###########
.......# #... #.%.#####
......## #### #.≈.#...#
......# #%≈.#.<.#


You could see an orc priest.

Vanquished Creatures
  The ghost of casual the Ducker, an experienced OpTm of Sif Muna (D:6)
  2 orc warriors
  2 centaurs (D:5)
  A giant frog (D:6)
  An ice beast (D:6)
  A crimson imp (D:5)
  2 orc priests
  A hound (D:6)
  A quasit (D:6)
  2 iguanas (D:4)
  4 worker ants
  An orc wizard (D:6)
  Jessica (D:3)
  A jelly (D:6)
  4 gnolls
  5 adders
  A giant mite (D:2)
  4 worms
  An adder skeleton (D:4)
  An adder zombie (D:6)
  A scorpion zombie (D:6)
  2 giant geckos (D:1)
  2 oozes
  22 orcs
  4 ball pythons
  4 giant cockroaches
  12 goblins
  11 hobgoblins
  2 quokkas
  9 bats
  4 giant newts
  3 jackals (D:1)
  13 kobolds
  17 rats
143 creatures vanquished.

Notes
Turn   | Place    | Note
--------------------------------------------------------------
     0 | D:1      | Malachi, the Vampire Enchanter, began the quest for the Orb.
     0 | D:1      | Reached XP level 1. HP: 13/13 MP: 4/4
   376 | D:1      | Reached skill level 5 in Hexes
   660 | D:1      | Reached XP level 2. HP: 14/19 MP: 5/5
   668 | D:1      | Learned a level 2 spell: Ensorcelled Hibernation
  1000 | D:1      | Reached XP level 3. HP: 18/24 MP: 6/6
  1411 | D:2      | Reached XP level 4. HP: 30/30 MP: 5/8
  2638 | D:3      | Reached skill level 5 in Stealth
  2638 | D:3      | Reached XP level 5. HP: 28/35 MP: 4/9
  2785 | D:3      | Reached skill level 6 in Hexes
  2838 | D:3      | Noticed Jessica
  2843 | D:3      | Killed Jessica
  3257 | D:4      | Found a staircase to the Ecumenical Temple.
  3302 | Temple   | Entered the Ecumenical Temple
  3311 | Temple   | Noticed a giant goldfish
  3313 | Temple   | Noticed a giant goldfish
  3344 | Temple   | Noticed a giant goldfish
  3388 | Temple   | Became a worshipper of Warmaster Okawaru
  3519 | D:4      | Noticed an ogre
  3732 | D:4      | Found a radiant altar of Vehumet.
  3900 | D:4      | Reached XP level 6. HP: 41/41 MP: 7/10
  3939 | D:5      | Entered Level 5 of the Dungeon
  4054 | D:5      | Reached skill level 7 in Stealth
  4202 | D:5      | Acquired Okawaru's first power
  4265 | D:5      | Found a snail-covered altar of Cheibriados.
  4294 | D:5      | Reached skill level 1 in Fighting
  4294 | D:5      | Reached XP level 7. HP: 40/46 MP: 6/11
  4729 | D:6      | Reached skill level 8 in Stealth
  4745 | D:6      | Learned a level 3 spell: Confuse
  5081 | D:6      | Noticed casual's ghost (experienced OpTm)
  5394 | D:6      | Got a brightly glowing cloak
  5404 | D:6      | Identified the cursed -4 cloak of Vlad {rF+ Str+4} (You found it on level 6 of the Dungeon)
  5623 | D:6      | Killed casual's ghost
  5623 | D:6      | Reached skill level 5 in Dodging
  5623 | D:6      | Reached skill level 9 in Stealth
  5623 | D:6      | Reached XP level 8. HP: 20/53 MP: 1/13
  6204 | D:6      | Found a gateway to a ziggurat.
  6211 | D:6      | Killed from afar by an orc priest

Action                   |  1- 3 |  4- 6 |  7- 9 || total
-------------------------+-------+-------+-------++-------
Melee: Dagger            |    82 |   220 |   164 ||   466
       Mace              |    11 |       |       ||    11
 Cast: Corona            |     2 |       |       ||     2
       Ensorcelled Hiber |     7 |    27 |    20 ||    54
       Confuse           |       |       |    10 ||    10
  Use: Scroll            |     2 |     4 |     3 ||     9
 Stab: Sleeping          |    14 |    28 |    12 ||    54
       Confused          |       |       |     3 ||     3
